 Dungeon Crawl Stone Soup version 0.20-a0-1116-gaa52201 (webtiles) character file.

9655 Firecrotchwizard the Basher (level 11, -8/99 HPs)
             Began as a Minotaur Berserker on May 7, 2017.
             Was a High Priest of Trog.
             Mangled by a manticore (9 damage)
             ... on level 11 of the Dungeon.
             The game lasted 00:23:22 (10785 turns).

Firecrotchwizard the Basher (Minotaur Berserker)   Turns: 10785, Time: 00:23:23

Health: -8/99      AC: 26    Str: 20      XL:     11   Next: 25%
Magic:  10/10      EV: 10    Int:  8      God:    Trog [*****.]
Gold:   794        SH:  0    Dex: 12 (13) Spells: 10/10 levels left

rFire    + . .     SeeInvis .   T - +3 flail (curse)
rCold    . . .     Gourm    .   (no shield)
rNeg     . . .     Faith    .   u - +0 plate armour of Meevyl {Str-2 Int+4} (curse)
rPois    .         Spirit   .   F - +2 hat
rElec    .         Reflect  .   o - +0 cloak
rCorr    .         Harm     .   l - +0 pair of gloves
MR       ++...                  D - +2 pair of boots
Stlth    ..........             (no amulet)
Regen    1.3/turn               L - +4 ring of protection
MPRegen  0.2/turn               P - ring of protection from fire {rF+, !d}

@: lethally poisoned (-8 -> -11), regenerating
A: retaliatory headbutt, horns 2
a: Berserk, Trog's Hand, Brothers in Arms, Burn Spellbooks, Renounce Religion


You were on level 11 of the Dungeon.
You worshipped Trog.
Trog was extremely pleased with you.
You were not hungry.

You visited 1 branch of the dungeon, and saw 11 of its levels.
You also visited: Sewer.

You collected 794 gold pieces.

Inventory:

Hand Weapons
 t - a +1 mace of protection
   (You took it off an orc on level 3 of the Dungeon)
 T - a cursed +3 flail (weapon)
   (You took it off a wight on level 10 of the Dungeon)
Armour
 l - a +0 pair of gloves (worn)
   (You found it on level 2 of the Dungeon)
 o - a +0 cloak (worn)
   (You found it on level 2 of the Dungeon)
 u - the cursed +0 plate armour of Meevyl (worn) {Str-2 Int+4}
   (You found it on level 7 of the Dungeon)

   It affects your strength (-2).
   It affects your intelligence (+4).
   It has a curse placed upon it.
 D - a +2 pair of boots (worn)
   (You found it on level 7 of the Dungeon)
 F - a +2 hat (worn)
   (You found it on level 6 of the Dungeon)
 J - a +0 plate armour
   (You took it off an orc warrior on level 7 of the Dungeon)
Jewellery
 x - an uncursed ring of resist corrosion
   (You found it on level 6 of the Dungeon)
 L - a +4 ring of protection (left hand)
   (You found it on level 10 of the Dungeon)
 O - an uncursed ring of flight {+Fly, !d}
   (You found it on level 8 of the Dungeon)
 P - a ring of protection from fire (right hand) {rF+, !d}
   (You found it on level 9 of the Dungeon)
Wands
 a - a wand of random effects (18/48)
   (You found it on level 10 of the Dungeon)
 b - a wand of lightning (6/15)
   (You found it on level 8 of the Dungeon)
 i - a wand of iceblast (10/15)
   (You found it on level 5 of the Dungeon)
 v - a wand of iceblast (9/15)
   (You found it on level 3 of the Dungeon)
 B - a wand of lightning (15/15)
   (You found it on level 5 of the Dungeon)
 K - a wand of iceblast (6/15)
   (You found it on level 9 of the Dungeon)
Scrolls
 e - 7 scrolls of teleportation
 f - 4 scrolls of remove curse
 g - 2 scrolls of identify
 w - a scroll of enchant armour
 y - 3 scrolls of magic mapping {!r}
 A - 4 scrolls of amnesia
 H - 2 scrolls of fear
Potions
 d - a potion of degeneration {unknown}
 h - 4 potions of might
 k - 4 potions of heal wounds
 m - a potion of brilliance {unknown}
 n - 5 potions of curing
 p - 2 potions of flight
 q - a potion of lignification {!q}
 s - a potion of mutation {unknown}
 z - a potion of cancellation {unknown}
 E - 2 potions of invisibility
 G - 3 potions of magic
 N - a potion of haste
Comestibles
 c - 11 bread rations {@e1}
 j - 6 meat rations {@e2}
 r - 3 royal jellies


   Skills:
 + Level 10.1 Fighting
 * Level 13.1 Maces & Flails
 + Level 10.1 Armour
 + Level 9.1 Dodging


You had 10 spell levels left.
You didn't know any spells.

Dungeon Overview and Level Annotations

Branches:
Dungeon (10/15)            Temple (0/1) D:6            Lair (0/6) D:10
    Orc (0/2) D:9

Altars:
Ashenzari
Cheibriados
Dithmenos
Ru
Trog
Vehumet
Yredelemnul
Zin
The Shining One

Shops:
D:9 *   D:10 ?


Innate Abilities, Weirdness & Mutations

You reflexively headbutt those who attack you in melee.
You have a pair of horns on your head.


Message History

You closely miss the kobold demonologist.
You feel sick.
The sun demon hits you but does no damage.
The manticore bites you but does no damage.
The manticore claws you but does no damage.
The manticore claws you.
The quasit bites you but does no damage.
The quasit claws you.
The quasit claws you but does no damage.
The kobold demonologist casts a spell.
A manticore comes into view.
You take 3 damage, and have 85/99 hp.
You thump the kobold demonologist!
You feel sick. The sun demon hits you!
You are engulfed in flames.
You resist. The quasit closely misses you. You furiously retaliate!
You headbutt the quasit, but do no damage.
The quasit claws you but does no damage. x2
You take 13 damage, and have 72/99 hp.
You hit the kobold demonologist.
The manticore bites you but does no damage.
The manticore claws you but does no damage.
The manticore claws you.
The kobold demonologist gestures wildly while chanting.
The sun demon hits you.
You are engulfed in flames.
You resist.
You take 14 damage, and have 58/99 hp.
You hit the kobold demonologist but do no damage.
Your headbutt misses the kobold demonologist.
You feel sick. The quasit barely misses you. You furiously retaliate!
You headbutt the quasit, but do no damage.
The quasit closely misses you.
The quasit claws you but does no damage.
The manticore closely misses you.
The manticore claws you but does no damage. x2
The sun demon hits you!
You are engulfed in flames!
You resist.
The kobold demonologist hits you but does no damage.
You take 20 damage, and have 38/99 hp.
MASSIVE DAMAGE!!
You closely miss the kobold demonologist.
You feel sick.
The quasit bites you but does no damage.
The quasit claws you but does no damage. x2
The neqoxec hits you but does no damage.
The sun demon barely misses you.
The manticore bites you but does no damage.
The manticore barely misses you. The manticore closely misses you.
The manticore bites you. The manticore claws you.
The manticore claws you but does no damage.
The kobold demonologist hits you but does no damage.
You are more poisoned.
You take 6 damage, and have 32/99 hp.
Your plate armour of Meevyl prevents you from hitting the kobold demonologist.
Your headbutt misses the kobold demonologist.
You feel sick.
The quasit bites you but does no damage.
The quasit claws you but does no damage. x2
The howler monkey hoots and howls with incredible vigour!
The neqoxec closely misses you. The sun demon closely misses you.
You furiously retaliate!
You headbutt the sun demon, but do no damage.
You hear two shouts!
You hear an angry hiss.
You completely miss the kobold demonologist.
You feel sick. The quasit bites you.
You feel clumsy. The quasit barely misses you. The quasit closely misses you.
The manticore bites you but does no damage.
The manticore claws you but does no damage.
The manticore misses you.
The manticore bites you but does no damage.
The manticore misses you. The manticore barely misses you.
The kobold demonologist barely misses you.
The sun demon hits you!
* * * LOW HITPOINT WARNING * * *
You are engulfed in flames!
You resist.
* * * LOW HITPOINT WARNING * * *
The neqoxec gestures.
You take 19 damage, and have 13/99 hp.
You completely miss the kobold demonologist.
Your headbutt misses the kobold demonologist.
You feel sick. The quasit closely misses you.
The quasit claws you but does no damage. x2
The manticore bites you but does no damage.
The manticore claws you but does no damage. x2
The manticore bites you but does no damage.
The manticore claws you but does no damage.
The manticore barely misses you.
The kobold demonologist hits you but does no damage.
You are more poisoned.
The sun demon hits you but does no damage.
You take 1 damage, and have 12/99 hp.
Your skin crawls.
You feel resistant to hostile enchantments.
You feel somewhat more hungry.
You feel sick. The quasit barely misses you. The quasit closely misses you.
The quasit barely misses you. The neqoxec barely misses you.
The manticore bites you but does no damage.
The manticore claws you but does no damage.
The manticore misses you. The manticore bites you!
* * * LOW HITPOINT WARNING * * *
The manticore claws you!
You die...

>......................
#...............#..#..
#...............#..<..
#...............#..#..
#...............#...#.
#....5......##..#....#
#...55########..#.....
#..553H......#.....###
##.53@#########...)...
####KHW.....#.#.....#
#O5####.##..#...#. #h4#
#...#.#.. ....
#####.... .....
#...#.#.. .###.
#..#...#. @# ##
#.#.....# ##.......


You could see Erica (wandering), a two-headed ogre, a sun demon, 2 manticores, a
hellwing, a kobold demonologist, a hungry ghost, a neqoxec, a howler monkey, 2
iron imps, 2 quasits, 2 white imps and a shadow imp.

Vanquished Creatures
  A hydra (D:11)
  2 two-headed ogres (D:8)
  A gargoyle (D:11)
  The ghost of nebgrebaes the Poker, an amateur MfGl (D:4)
  Grinder (D:6)
  3 hippogriffs
  A spriggan (D:7)
  7 yaks
  A human (D:9)
  Menkaure (D:6)
  2 wargs (D:9)
  A water moccasin (D:8)
  3 orc warriors
  4 ice beasts
  7 ogres
  5 phantoms
  5 big kobolds (Sewer)
  2 bullfrogs
  3 killer bees (D:11)
  7 scorpions
  7 wights
  3 crimson imps
  4 howler monkeys (D:7)
  3 hounds
  2 jellies
  A centaur skeleton (D:4)
  13 orc priests
  A bullfrog skeleton (D:8)
  2 iguanas
  12 orc wizards
  3 worker ants
  A worker ant zombie (D:5)
  2 howler monkey skeletons
  7 gnolls
  17 adders
  2 river rats (Sewer)
  2 shadow imps
  3 oozes
  An adder zombie (D:9)
  3 adder skeletons
  10 worms
  2 dart slugs
  2 leopard geckos
  48 orcs
  5 giant cockroaches
  9 hobgoblins
  5 jackals
  14 kobolds
  5 quokkas
  2 ball pythons (Sewer)
  A ball python skeleton (D:4)
  8 bats
  5 frilled lizards
  6 goblins
  A leopard gecko skeleton (D:6)
  22 rats
292 creatures vanquished.

Notes
Turn   | Place    | Note
-------+----------+-------------------------------------------
     0 | D:1      | Firecrotchwizard the Minotaur Berserker began the quest for the Orb.
     0 | D:1      | Reached XP level 1. HP: 19/19 MP: 0/0
   320 | D:1      | Reached XP level 2. HP: 19/27 MP: 1/1
   779 | D:1      | Reached skill level 4 in Maces & Flails
   989 | D:2      | Reached skill level 4 in Fighting
  1111 | D:2      | Reached XP level 3. HP: 32/33 MP: 2/2
  1135 | D:2      | Reached skill level 3 in Armour
  1324 | D:2      | Reached ** piety under Trog
  1341 | D:2      | Found a snail-covered altar of Cheibriados.
  1484 | D:2      | Found a shadowy altar of Dithmenos.
  1810 | D:3      | Reached XP level 4. HP: 18/40 MP: 3/3
  1817 | D:3      | HP: 10/40 [orc/dagger (3)]
  2243 | D:3      | Reached skill level 3 in Dodging
  2497 | D:3      | Reached skill level 5 in Maces & Flails
  2497 | D:3      | Reached skill level 4 in Armour
  2497 | D:3      | Reached XP level 5. HP: 35/47 MP: 4/4
  2739 | D:4      | Noticed a phantom
  2759 | D:4      | Killed a phantom
  2829 | D:4      | Noticed nebgrebaes's ghost (amateur MfGl)
  2869 | D:4      | Killed nebgrebaes's ghost
  2869 | D:4      | Reached skill level 5 in Fighting
  2869 | D:4      | Reached skill level 6 in Maces & Flails
  2869 | D:4      | Reached XP level 6. HP: 29/56 MP: 5/5
  3187 | D:4      | Reached skill level 5 in Armour
  3187 | D:4      | Reached skill level 4 in Dodging
  3215 | D:4      | Reached XP level 7. HP: 61/61 MP: 6/6
  3817 | D:4      | Reached *** piety under Trog
  4175 | D:5      | Entered Level 5 of the Dungeon
  4182 | D:5      | Reached skill level 7 in Maces & Flails
  4240 | D:5      | Reached skill level 6 in Fighting
  4254 | D:5      | Reached skill level 6 in Armour
  4254 | D:5      | Reached skill level 5 in Dodging
  4254 | D:5      | Reached XP level 8. HP: 65/70 MP: 7/7
  4264 | D:5      | Found a glowing silver altar of Zin.
  4392 | D:5      | Noticed a moth of wrath
  4395 | D:5      | Found a bloodstained altar of Trog.
  4776 | D:5      | Found a basalt altar of Yredelemnul.
  4778 | D:5      | Found a radiant altar of Vehumet.
  4781 | D:5      | Found a glowing golden altar of the Shining One.
  4782 | D:5      | Found a glowing silver altar of Zin.
  4782 | D:5      | Found a bloodstained altar of Trog.
  4782 | D:5      | Found a shattered altar of Ashenzari.
  4784 | D:5      | Found a sacrificial altar of Ru.
  4849 | D:6      | Reached skill level 8 in Maces & Flails
  4885 | D:6      | Found a staircase to the Ecumenical Temple.
  4922 | D:6      | Noticed Grinder
  4932 | D:6      | Killed Grinder
  5018 | D:6      | Noticed Menkaure
  5023 | D:6      | Killed Menkaure
  5023 | D:6      | Reached skill level 7 in Fighting
  5023 | D:6      | Reached skill level 6 in Dodging
  5241 | D:6      | Reached skill level 9 in Maces & Flails
  5407 | D:6      | Found a glowing drain.
  5419 | Sewer    | Entered a sewer
  5464 | Sewer    | Reached skill level 7 in Armour
  5472 | Sewer    | Reached XP level 9. HP: 76/79 MP: 8/8
  5763 | Sewer    | Reached **** piety under Trog
  6456 | D:7      | Reached skill level 10 in Maces & Flails
  6774 | D:7      | Reached skill level 8 in Fighting
  6774 | D:7      | Reached skill level 8 in Armour
  6774 | D:7      | Reached skill level 7 in Dodging
  7163 | D:7      | Got an encrusted plate armour
  7174 | D:7      | Identified the cursed +0 plate armour of Meevyl {Str-2 Int+4} (You found it on level 7 of the Dungeon)
  7386 | D:8      | Noticed a two-headed ogre
  7396 | D:8      | Killed a two-headed ogre
  7396 | D:8      | Reached skill level 11 in Maces & Flails
  7396 | D:8      | Reached XP level 10. HP: 80/90 MP: 9/9
  7560 | D:8      | Reached ***** piety under Trog
  7917 | D:8      | Noticed a two-headed ogre
  7936 | D:8      | Killed a two-headed ogre
  7936 | D:8      | Reached skill level 9 in Fighting
  7936 | D:8      | Reached skill level 9 in Armour
  7936 | D:8      | Reached skill level 8 in Dodging
  8324 | D:9      | Reached skill level 12 in Maces & Flails
  8556 | D:9      | Found a staircase to the Orcish Mines.
  8946 | D:9      | Found Mudout's Assorted Antiques.
  9396 | D:10     | Entered Level 10 of the Dungeon
  9676 | D:10     | Found a staircase to the Lair.
  9815 | D:10     | Found Yxinit's Magic Scroll Shoppe.
  9955 | D:10     | Reached XP level 11. HP: 99/99 MP: 10/10
 10107 | D:10     | You fall through a shaft!
 10178 | D:11     | Noticed a seven-headed hydra
 10191 | D:11     | Killed a seven-headed hydra
 10191 | D:11     | Reached skill level 10 in Fighting
 10488 | D:11     | Reached skill level 13 in Maces & Flails
 10488 | D:11     | Reached skill level 10 in Armour
 10509 | D:11     | Reached skill level 9 in Dodging
 10771 | D:11     | Noticed a two-headed ogre
 10773 | D:11     | Noticed a sun demon
 10783 | D:11     | HP: 20/99 [sun demon[a kobold demonologist] (11)]
 10785 | D:11     | HP: 1/99 [manticore (10)]
 10785 | D:11     | Mangled by a manticore

Vault maps used:
D:1:      erik_arrival_blinker_ship, minmay_ruptured
D:2:      old_standard_altar, grunt_dithmenos_smoke_and_mirrors
D:4:      first_bread
D:5:      minitemple, basic_altar, tgw_trog
D:6:      minmay_temple_entry_glassed_door, portal_sewer_entry_d, uniq_grinder,
          uniq_menkaure
D:7:      the_bakery
D:9:      erik_orc_4, serial_shops, shop, corexii_leaking_fountain
D:10:     dpeg_oklobed_lair, serial_shops, shop_coins
D:11:     hangedman_decor_diamond_cutter, grunt_decor_fettered,
          hangedman_corner_corridor, uniq_psyche, uniq_erica
Sewer:    sewer_co_tree

Skill      XL: |  1  2  3  4  5  6  7  8  9 10 11 |
---------------+----------------------------------+-----
Maces & Flails | 4 5 6 7 9 11 12 13 | 13.1
Fighting       | 4 5 6 7 8 9 10 | 10.1
Armour         | 3 4 5 6 7 8 9 10 | 10.1
Dodging        | 3 4 5 6 7 8 9 |  9.1

Action                   |  1- 3 |  4- 6 |  7- 9 | 10-12 || total
-------------------------+-------+-------+-------+-------++-------
Melee: Mace              |   105 |   107 |   409 |   246 ||   867
       Headbutt          |    11 |    13 |    94 |    78 ||   196
       Flail             |       |       |       |   159 ||   159
Invok: Berserk           |       |     1 |     1 |       ||     2
       Trog's Hand       |       |       |     3 |     5 ||     8
       Burn Spellbooks   |       |       |     1 |     1 ||     2
Evoke: Wand              |       |       |     2 |     1 ||     3
  Use: Scroll            |       |       |     8 |    16 ||    24
       Potion            |       |       |       |     1 ||     1
  Eat: Chunk             |     3 |     4 |    14 |    10 ||    31
       Fruit             |       |     2 |       |     4 ||     6
       Royal jelly       |       |     1 |       |       ||     1
Armor: Animal skin       |    23 |       |       |       ||    23
       Leather armour    |     3 |     9 |       |       ||    12
       Ring mail         |       |    30 |    42 |       ||    72
       Chain mail        |       |       |    73 |       ||    73
       Plate armour      |       |       |    48 |   292 ||   340
       Skin              |       |       |       |    86 ||    86
Dodge: Dodged            |    64 |    64 |   212 |   220 ||   560

Vault maps used:
D:1:      erik_arrival_blinker_ship, minmay_ruptured
D:2:      old_standard_altar, grunt_dithmenos_smoke_and_mirrors
D:4:      first_bread
D:5:      minitemple, basic_altar, tgw_trog
D:6:      minmay_temple_entry_glassed_door, portal_sewer_entry_d, uniq_grinder,
          uniq_menkaure
D:7:      the_bakery
D:9:      erik_orc_4, serial_shops, shop, corexii_leaking_fountain
D:10:     dpeg_oklobed_lair, serial_shops, shop_coins
D:11:     hangedman_decor_diamond_cutter, grunt_decor_fettered,
          hangedman_corner_corridor, uniq_psyche, uniq_erica
Sewer:    sewer_co_tree

Table legend:
 A = Turns spent in this place as a percentage of turns spent in the entire game.
 B = Non-inter-level travel turns spent in this place as a percentage of non-inter-level travel turns spent in the entire game.
 C = Inter-level travel turns spent in this place as a percentage of turns spent in this place.
 D = Turns resting spent in this place as a percentage of non-inter-level travel turns spent in this place.
 E = Turns spent auto-exploring this place as a percentage of non-inter-level travel turns spent in this place.
 F = Non-inter-level travel turns spent in this place divided by the number of levels of this place that you've seen.
                   A       B       C       D       E      F
               +-------+-------+-------+-------+-------+----------------------
         Total | 100.0 | 100.0 |   0.6 |   3.0 |  11.9 | 231.3
       Dungeon |  92.8 |  92.8 |   0.7 |   3.2 |  11.9 | 234.1
         Sewer |   7.2 |   7.2 |   0.0 |   0.0 |  12.4 | 201.0
               +-------+-------+-------+-------+-------+----------------------

Table legend:
 A = Kills in this place as a percentage of kills in entire the game.
 B = Kills by you in this place as a percentage of kills by you in the entire game.
 C = Kills by friends in this place as a percentage of kills by friends in the entire game.
 D = Other kills in this place as a percentage of other kills in the entire game.
 E = Experience gained in this place as a percentage of experience gained in the entire game.
 F = Experience gained in this place divided by the number of levels of this place that you have seen.
                   A       B       C       D       E      F
               +-------+-------+-------+-------+-------+----------------------
         Total | 100.0 | 100.0 |  -nan |  -nan | 100.0 | 1149.5
       Dungeon |  90.4 |  90.4 |  -nan |  -nan |  95.5 | 1197.5
         Sewer |   9.6 |   9.6 |  -nan |  -nan |   4.5 | 621.0
               +-------+-------+-------+-------+-------+----------------------
